 Dungeon Crawl Stone Soup version 0.28-a0-828-g0121872642 (webtiles) character file.

Game seed: 15370902369855948403

8640 Sweebthomas the Cruncher (level 11, -1/95 HPs)
             Began as a Grey Draconian Gladiator on Nov 11, 2021.
             Was an Elder of Okawaru.
             Slain by a boulder beetle (14 damage)
             ... on level 9 of the Dungeon.
             The game lasted 00:23:09 (9156 turns).

Sweebthomas the Cruncher (Grey Draconian Gladiator) Turns: 9156, Time: 00:23:09

Health: -1/95      AC: 16    Str: 17    XL:     11   Next: 12%
Magic:  21/21      EV: 16    Int: 12    God:    Okawaru [****..]
Gold:   402        SH:  0    Dex: 18    Spells: 24/24 levels left

rFire   . . .      SeeInvis .   a - +1 quarterstaff
rCold   . . .      Faith    .   (shield currently unavailable)
rNeg    + . .      Spirit   .   (armour unavailable)
rPois   .          Reflect  .   b - +0 hat
rElec   .          Harm     .   e - +0 cloak
rCorr   .          Rampage  .   d - +0 pair of gloves
Will    .....      Clarity  +   C - +1 pair of boots
Stlth   ++........              x - amulet of regeneration
HPRegen 1.25/turn               v - ring of positive energy
MPRegen 0.17/turn               D - +6 ring of dexterity

@: no status effects
A: AC +12, amphibious, unfitting armour, cold-blooded, clarity
a: Renounce Religion, Heroism, Finesse


You were on level 9 of the Dungeon.
You worshipped Okawaru.
Okawaru was greatly pleased with you.
You visited 2 branches of the dungeon, and saw 10 of its levels.

You collected 444 gold pieces.
You spent 42 gold pieces at shops.

Inventory:

Hand Weapons
 a - a +1 quarterstaff (weapon)
 B - the +8 dagger of Plog {spect, rC+ Will+ Int+3}
   (You found it on level 6 of the Dungeon)

   When its wielder attacks, the weapon's spirit leaps out and strikes again.
   The spirit shares a part of any damage it takes with its wielder.
   Int:       It affects your intelligence (+3).
   rC:        It protects you from cold.
   Will:      It increases your willpower.
Armour
 b - a +0 hat (worn)
 d - a +0 pair of gloves (worn)
 e - a +0 cloak (worn)
 C - a +1 pair of boots (worn)
Jewellery
 k - an amulet of the acrobat
 v - a ring of positive energy (left hand)
 x - an amulet of regeneration (around neck)
 A - a ring of ice
 D - a +6 ring of dexterity (right hand)
 E - a ring of magical power
Wands
 p - a wand of iceblast (12)
Scrolls
 c - a scroll of silence
 j - a scroll of teleportation
 l - a scroll of identify
 n - 2 scrolls of immolation
 o - a scroll of enchant weapon
 u - 2 scrolls of vulnerability
Potions
 f - a potion of flight {unknown}
 g - 2 potions of lignification
 h - a potion of curing
 i - a potion of attraction {unknown}
 m - a potion of might
 q - 2 potions of cancellation
 s - a potion of brilliance
 t - a potion of resistance {unknown}
 z - a potion of ambrosia {unknown}


   Skills:
 + Level 8.8 Fighting
 * Level 11.4 Staves
 - Level 1.7 Throwing
 + Level 7.6 Dodging
 + Level 7.0 Spellcasting


You had 24 spell levels left.
You didn't know any spells.
Your spell library contained the following spells:

 Spells                   Type           Power      Damage    Failure   Level
 Foxfire                  Conj/Fire      16%        2x1d4     16%         1
 Corpse Rot               Necr/Air       8%         N/A       24%         2
 Conjure Flame            Conj/Fire      4%         6-21      43%         3
 Inner Flame              Hex/Fire       4%         N/A       43%         3
 Stone Arrow              Conj/Erth      8%         3d7       43%         3
 Dispel Undead            Necr           4%         3d7       85%         4
 Flame Wave               Conj/Fire      4%         3d3       85%         4
 Lehudib's Crystal Spear  Conj/Erth      2%         10d2      100%        8
 Animate Armour           Summ/Erth      Unusable   N/A       N/A         4
 Death Channel            Necr           Unusable   N/A       N/A         6

Dungeon Overview and Level Annotations

Branches:
Dungeon (9/15)             Temple (1/1) D:7            Lair (0/6) D:9
    Orc: D:9-12

Altars:
Ashenzari
Cheibriados
Dithmenos
Elyvilon
Fedhas
Gozag
Hepliaklqana
Kikubaaqudgha
Makhleb
Nemelex Xobeh
Okawaru
Qazlal
Ru
Trog
Uskayaw
Vehumet
Wu Jian
Xom
Yredelemnul
Zin
The Shining One

Shops:
D:6 *


Innate Abilities, Weirdness & Mutations

Your dull iron-grey scales are very hard. (AC +12)
You are amphibious.
You cannot fit into any form of body armour.
You are cold-blooded and may be slowed by cold attacks.
You possess an exceptional clarity of mind.


Message History

You hit the boulder beetle but do no damage.
The boulder beetle is lightly wounded.
You hit the boulder beetle but do no damage.
The boulder beetle is lightly wounded.
The boulder beetle bites you!!
The deep elf pyromancer casts a spell.
The deep elf pyromancer blinks!
You hit the boulder beetle.
You tail-slap the boulder beetle, but do no damage.
The boulder beetle is lightly wounded.
The boulder beetle bites you but does no damage.
You hit the boulder beetle.
The boulder beetle is moderately wounded.
The boulder beetle bites you!
You hit the boulder beetle but do no damage.
The boulder beetle is moderately wounded.
The boulder beetle curls into a ball and begins rolling!
The deep elf pyromancer mumbles some strange words.
The boulder beetle hits you!!!
* * * LOW HITPOINT WARNING * * *
The boulder beetle stops rolling and uncurls.
As you read the scroll of fear, it crumbles to dust.
You assume a fearsome visage.
The fire elemental is unaffected.
The deep elf pyromancer looks frightened!
The boulder beetle looks frightened!
The deep elf pyromancer gestures wildly while chanting.
The deep elf pyromancer blinks!
The boulder beetle leaps!
The boulder beetle leaps!
The boulder beetle curls into a ball and begins rolling!
The boulder beetle completely misses you.
The boulder beetle stops rolling and uncurls.
The boulder beetle curls into a ball and begins rolling!
You see here 6 large rocks.
The boulder beetle hits you!!
* * * LOW HITPOINT WARNING * * *
The boulder beetle stops rolling and uncurls.
There is an open door, spattered with blood here.
There's a creature in the doorway!
The boulder beetle bites you!
You die...

###################
#.................####
#..)..................
#..#######.###.#.#######
#..#.....#.#.##))#.....#
#..#.#'#.#...#.#.#.###.#
#..#.#[#.#.#####.'.#.'.#
####..#.###.#....##.#.###.#
#####.....#...@.#..#..[.#P....#
#.........###B###.#(#.#.#######
#.###.###....().†.#.#.#........
#.# #.# #..##.####..##.##..#.##
#.# #.###.####...##.#.#.#.###.#
#.# #.....○°....#####.#.#####..
#.######..##°#.#.#)..#.#.###..#
#.........#○#.####..#.#..#..#.#
######.............#.#...##..#.


You could see a boulder beetle.

Vanquished Creatures
  A centaur warrior (D:9)
  A two-headed ogre (D:9)
  A deep elf pyromancer (D:9)
  2 cyclopes (D:9)
  An elephant (D:9)
  A troll (D:9)
  Grinder (D:3)
  A hornet (D:9)
  2 slime creatures (D:9)
  Sigmund (D:3)
  3 wyverns
  4 yaks (D:8)
  2 basilisks (D:9)
  A steam dragon (D:6)
  An acid dragon (D:9)
  A water moccasin (D:8)
  3 orc warriors
  A black bear (D:5)
  4 ogres
  A phantom (D:7)
  2 kobold brigands (D:6)
  11 bullfrogs
  A scorpion (D:7)
  15 killer bees
  4 wights
  2 howler monkeys
  A jelly (D:5)
  2 orc priests (D:7)
  A centaur skeleton (D:5)
  6 hounds
  A gnoll shaman (D:9)
  2 iguanas
  An orc wizard (D:7)
  Robin (D:3)
  A hound skeleton (D:4)
  4 gnolls (D:4)
  8 adders
  2 white imps (D:8)
  An ufetubus (D:5)
  An adder skeleton (D:4)
  A dart slug (D:1)
  2 worms
  10 orcs
  6 endoplasms
  2 giant cockroaches
  10 goblins
  9 hobgoblins
  14 kobolds
  A quokka (D:1)
  5 ball pythons
  4 bats
  2 frilled lizards (D:2)
  8 rats
174 creatures vanquished.

Vanquished Creatures (others)
  11 plants (D:9)
11 creatures vanquished.

Grand Total: 185 creatures vanquished

Notes
Turn   | Place    | Note
-------+----------+-------------------------------------------
     0 | D:1      | Sweebthomas the Draconian Gladiator began the quest for the
                  | Orb.
     0 | D:1      | Reached XP level 1. HP: 17/17 MP: 1/1
   599 | D:1      | Reached XP level 2. HP: 25/25 MP: 2/2
  1124 | D:2      | Reached XP level 3. HP: 7/30 MP: 2/4
  1442 | D:2      | Reached skill level 1 in Spellcasting
  1944 | D:2      | Reached XP level 4. HP: 37/37 MP: 5/5
  2759 | D:3      | Found a faded altar of an unknown god.
  2765 | D:3      | Noticed Sigmund
  2855 | D:3      | Noticed Robin
  2926 | D:3      | Found a sparkling altar of Nemelex Xobeh.
  2927 | D:3      | Found an opulent altar of Gozag.
  3123 | D:3      | Reached skill level 4 in Staves
  3242 | D:3      | Killed Robin
  3422 | D:3      | Noticed Grinder
  3434 | D:3      | Killed Grinder
  3435 | D:3      | Reached skill level 5 in Staves
  3435 | D:3      | Reached XP level 5. HP: 24/46 MP: 6/8
  3435 | D:3      | Reached XP level 6. HP: 27/52 MP: 6/9
  3621 | D:3      | Killed Sigmund
  3734 | D:5      | Entered Level 5 of the Dungeon
  3953 | D:4      | Your scales start taking on a dull iron-grey colour.
  3953 | D:4      | Reached XP level 7. HP: 14/59 MP: 11/11
  4299 | D:4      | Reached skill level 6 in Staves
  5427 | D:5      | Noticed a two-headed ogre
  5448 | D:6      | Identified the +8 dagger of Plog {spect, rC+ Will+ Int+3}
  5461 | D:6      | Reached skill level 5 in Fighting
  5461 | D:6      | Reached XP level 8. HP: 57/68 MP: 13/13
  6259 | D:6      | Reached skill level 7 in Staves
  6327 | D:6      | Reached skill level 5 in Dodging
  6404 | D:6      | Noticed a two-headed ogre
  6519 | D:6      | Found Vyhei's General Store.
  6529 | D:6      | Bought a potion of curing for 42 gold pieces
  6802 | D:7      | Reached skill level 8 in Staves
  6890 | D:7      | Found a staircase to the Ecumenical Temple.
  6906 | D:7      | Reached XP level 9. HP: 65/75 MP: 15/15
  6972 | Temple   | Entered the Ecumenical Temple
  7211 | Temple   | Became a worshipper of Warmaster Okawaru
  7656 | D:7      | Reached skill level 5 in Spellcasting
  7931 | D:8      | Noticed a gargoyle
  8084 | D:8      | Reached skill level 9 in Staves
  8092 | D:8      | Reached * piety under Okawaru
  8225 | D:8      | Noticed a centaur warrior
  8393 | D:8      | Reached XP level 10. HP: 79/86 MP: 18/18
  8417 | D:9      | Reached ** piety under Okawaru
  8441 | D:9      | Noticed an elephant
  8472 | D:9      | Killed an elephant
  8473 | D:9      | Reached skill level 10 in Staves
  8515 | D:9      | Found a staircase to the Lair.
  8553 | D:9      | Noticed a cyclops
  8854 | D:9      | Reached *** piety under Okawaru
  8879 | D:9      | Noticed a boulder beetle
  8959 | D:9      | Noticed a centaur warrior
  8967 | D:9      | Gained mutation: You are weak. (Str -2) [potion of
                  | mutation]
  8967 | D:9      | Gained mutation: Your spells are a little harder to cast,
                  | but a little more powerful. [potion of mutation]
  8968 | D:9      | Lost mutation: Your spells are a little harder to cast, but
                  | a little more powerful. [potion of mutation]
  8968 | D:9      | Lost mutation: You are weak. (Str -2) [potion of mutation]
  8968 | D:9      | Gained mutation: You possess an exceptional clarity of
                  | mind. [potion of mutation]
  8980 | D:9      | Killed a centaur warrior
  8984 | D:9      | Noticed a two-headed ogre
  8995 | D:9      | Killed a two-headed ogre
  8996 | D:9      | Reached skill level 11 in Staves
  9020 | D:9      | Noticed a cyclops
  9033 | D:9      | Killed a cyclops
  9033 | D:9      | Reached **** piety under Okawaru
  9045 | D:9      | Noticed a deep elf pyromancer
  9047 | D:9      | Noticed a cyclops
  9058 | D:9      | Killed a deep elf pyromancer
  9059 | D:9      | Reached XP level 11. HP: 69/95 MP: 21/21
  9133 | D:9      | Noticed a deep elf pyromancer
  9156 | D:9      | Slain by a boulder beetle

Illustrated notes

Levels and vault maps discovered:
D:1:      mrwooster_arrival_statue_2, layout_basic
D:2:      layout_loops_ring
D:3:      layout_loops_ring, grunt_temple_overflow_opulence,
          dreamdust_ecumenical_altar_grove, uniq_robin, uniq_grinder,
          uniq_sigmund
D:4:      layout_cave_pools, skrybe_limestone_x, minmay_misc_feat_doors
D:5:      layout_basic, enter_ossuary_2
D:6:      kennysheep_six_static_rooms, layout_cave_pools, serial_shops,
          nicolae_square_shop, nrook_campfire, chequers_jeans, minivault_27,
          hangedman_abyss_or_decor_stagger
D:7:      layout_loops_ring, minmay_temple_entry_slanted
D:8:      cheibrodos_fzero, layout_rooms
D:9:      layout_loops_corners, david_lair_generic, david_orc_4,
          gammafunk_ghost_wrathful_warriors, minmay_shattered_shrine
Temple:   mainiacjoe_temple_bowtie_tessellation

Skill      XL: |  1  2  3  4  5  6  7  8  9 10 11 |
---------------+----------------------------------+-----
Dodging        | 3 4 5 6 7 |  7.6
Spellcasting   | 1 2 3 4 5 6 7 |  7.0
Fighting       | 3 4 5 6 7 8 |  8.8
Staves         | 5 6 8 9 11 | 11.4
Throwing       | |  1.7

Action                   |  1- 3 |  4- 6 |  7- 9 | 10-12 || total
-------------------------+-------+-------+-------+-------++-------
Melee: Quarterstaff      |   109 |    95 |   446 |   192 ||   842
       Tailslap          |     8 |    11 |    69 |    40 ||   128
Throw: Throwing net      |       |     7 |     3 |       ||    10
  Use: Scroll            |     2 |     6 |    13 |     2 ||    23
       Potion            |       |     1 |     8 |     5 ||    14
 Stab: Held in net/web   |       |     6 |     2 |       ||     8
       Invisible         |       |       |     7 |       ||     7
Armor: Skin              |    38 |    25 |   300 |    68 ||   431
Dodge: Dodged            |    59 |    56 |   344 |   131 ||   590

Table legend: (Time is in decaauts)
 A = Elapsed time spent in this place.
 B = Non-inter-level travel time spent in this place.
 C = Inter-level travel time spent in this place.
 D = Time resting spent in this place.
 E = Time spent auto-exploring this place.
 F = Levels seen in this place.
 G = Mean time per level.
                   A        B        C        D        E       F      G
               +--------+--------+--------+--------+--------+-----+--------+
         Total |   9110 |   8441 |    669 |   1783 |   3790 |  10 |  911.0 |
       Dungeon |   8830 |   8235 |    595 |   1783 |   3599 |   9 |  981.1 |
        Temple |    279 |    205 |     74 |      0 |    191 |   1 |  279.0 |
               +--------+--------+--------+--------+--------+-----+--------+

Top non-repeatable levels by time:
     D:2: 1407 daAuts
     D:5: 1380 daAuts
     D:1: 1190 daAuts
     D:3: 1105 daAuts
     D:7: 1063 daAuts
     D:6: 836 daAuts
     D:4: 782 daAuts
     D:9: 705 daAuts
     D:8: 359 daAuts
  Temple: 279 daAuts
